 Dungeon Crawl Stone Soup version 0.30.1-11-g7821555f0a (webtiles) character file.

Game seed: 3491669109739622455

75 Dordric the Slasher (level 4, 0/34 HPs)
             Began as a Barachi Warper on Nov 1, 2023.
             Slain by Grinder (5 damage)
             ... on level 3 of the Dungeon.
             The game lasted 00:02:34 (2275 turns).

Dordric the Slasher (Barachi Warper)                Turns: 2275, Time: 00:02:34

Health: 0/34       AC:  9    Str: 12    XL:     4   Next: 31%
Magic:  7/7        EV:  6    Int: 14    God:
Gold:   103        SH:  0    Dex: 13    Spells: 7/7 levels left

rFire   . . .        a - +0 falchion
rCold   + . .        (no shield)
rNeg    . . .        i - +0 chain mail {rC+}
rPois   .            (no helmet)
rElec   .            o - +0 cloak
rCorr   .            (no gloves)
SInv    .            (no boots)
Will    .....        (no amulet) Stlth
                     j - ring of flight
HPRegen 0.25/turn    (no ring)
MPRegen 0.10/turn

%: no passive effects
@: flying, slow
A: amphibious, slowness 1, strong legs 1, +LOS
a: Hop


You were on level 3 of the Dungeon.
You visited 1 branch of the dungeon, and saw 3 of its levels.

You collected 103 gold pieces.

Inventory:

Hand Weapons
 a - a +0 falchion (weapon)
 k - a +0 sling
Missiles
 d - 5 boomerangs of dispersal
 l - 4 boomerangs
Armour
 b - a +0 leather armour
 f - a +0 ring mail
 i - a +0 chain mail of cold resistance (worn)
 o - a +0 cloak (worn)
Jewellery
 j - a ring of flight (left hand)
Scrolls
 c - a scroll of blinking
 g - a scroll of enchant armour
 h - 2 scrolls of identify
 q - a scroll of immolation
Potions
 e - 2 potions of degeneration (quivered)
 m - 3 potions of heal wounds
 n - a potion of lignification {unknown}
 p - a potion of berserk rage {unknown}


   Skills:
 - Level 2.4 Fighting
 + Level 5.4 Long Blades
 - Level 1.0 Throwing
 - Level 1.2 Armour
 - Level 2.1 Dodging
 - Level 2.1 Spellcasting
 - Level 3.2 Translocations


You had 7 spell levels left.
You didn't know any spells.
Your spell library contained the following spells:

 Spells                   Type           Power      Damage    Failure   Level
 Blink                    Tloc           20%        N/A       94%         2
 Lesser Beckoning         Tloc           20%        N/A       94%         2
 Necrotise                Necr           4%         1d4       99%         1
 Teleport Other           Tloc           10%        N/A       99%         3
 Vampiric Draining        Necr           1%         2d6       100%        3
 Vhi's Electric Charge    Tloc/Air       12%        N/A       100%        3
 Manifold Assault         Tloc           10%        N/A       100%        4
 Agony                    Necr           1%         N/A       100%        5


Dungeon Overview and Level Annotations

Branches:
Dungeon (3/15)

Altars:

Annotations:
D:3 Grinder


Innate Abilities, Weirdness & Mutations

You are amphibious.
You cover ground slowly.
You can hop short distances.
You have an extended range of vision and can be seen from far away.


Message History

You are too injured to fight recklessly!
You are too injured to fight recklessly!
You are too injured to fight recklessly!
You are too injured to fight recklessly!
You are too injured to fight recklessly!
You are too injured to fight recklessly!
You are too injured to fight recklessly!
You are too injured to fight recklessly!
You are too injured to fight recklessly!
You are too injured to fight recklessly!
You are too injured to fight recklessly!
You are too injured to fight recklessly!
You are too injured to fight recklessly!
You hit Grinder.
Grinder is moderately wounded.
Grinder gestures at you.
You barely resist. You hit Grinder but do no damage.
Grinder is moderately wounded.
Grinder hits you.
You writhe in agony.
* * * LOW HITPOINT WARNING * * *
You hit Grinder.
Grinder is moderately wounded.
Grinder closely misses you.
Throw: 7 boomerangs (disperse)
Press: ? - help, Shift-Dir - straight line, f/p - Grinder
Aim: Grinder (moderately wounded, 53% to hit)
You throw a boomerang of dispersal.
The boomerang of dispersal hits Grinder and shatters, but does no damage.
Grinder is moderately wounded.
Grinder hits you but does no damage.
Throw: 6 boomerangs (disperse)
Press: ? - help, Shift-Dir - straight line, f/p - Grinder
Aim: Grinder (moderately wounded, 53% to hit)
You throw a boomerang of dispersal.
The boomerang of dispersal barely misses Grinder.
Grinder hits you.
* * * LOW HITPOINT WARNING * * *
You writhe in agony.
You die...

#......# #......#
##### #......#
#...# #......#
#.#.# #......##
#.#.######
#.....[.#
#.........
#.......#
#.#.######
#..5....#
#.÷.###...
#@##.####.÷)....##
#).#...##..###....
##.# #.##..####.#.
#.###.....##.....
#....###...#.....
####...#...#.....
###.....#.....
...#####..........
..................


You could see Grinder.

Vanquished Creatures
  3 adders
  A dart slug (D:1)
  3 bats
  8 endoplasms
  A giant cockroach (D:1)
  4 hobgoblins
  4 jackals (D:1)
  3 kobolds (D:2)
  4 ball pythons
  5 frilled lizards
  5 goblins
  2 rats
43 creatures vanquished.

Notes
Turn   | Place    | Note
-------+----------+-------------------------------------------
     0 | D:1      | Dordric the Barachi Warper began the quest for the Orb.
     0 | D:1      | Reached XP level 1. HP: 17/17 MP: 3/3
   308 | D:1      | Reached skill level 3 in Long Blades
   332 | D:1      | Reached XP level 2. HP: 19/23 MP: 5/5
   521 | D:1      | Reached skill level 4 in Long Blades
   856 | D:1      | Reached XP level 3. HP: 19/28 MP: 6/6
  1053 | D:2      | Found a faded altar of an unknown god.
  1589 | D:2      | Identified the +2 robe of a Labyrinth {Rampage MP+9 Str+3
                  | Int-2}
  1836 | D:2      | Reached skill level 5 in Long Blades
  1836 | D:2      | Reached XP level 4. HP: 34/34 MP: 7/7
  2024 | D:3      | HP: 1/34 [poisoned by an adder]
  2265 | D:3      | Noticed Grinder
  2275 | D:3      | Slain by Grinder

Illustrated notes

Levels and vault maps discovered:
D:1:      dpeg_arrival_oval, layout_basic
D:2:      layout_loops_cross, basic_ecumenical_altar
D:3:      layout_rooms, nemelex_dance_club_becter, uniq_grinder

Skill      XL: |  1  2  3 |
---------------+----------+-----
Long Blades    | 3 4 5 |  5.4
Fighting       | |  2.4
Throwing       | |  1.0
Armour         | |  1.2
Dodging        | |  2.1
Spellcasting   | |  2.1
Translocations | |  3.2

Action                     |  1- 3 |  4- 6 || total
---------------------------+-------+-------++-------
  Melee: Falchion          |   130 |    38 ||   168
         Punch             |     3 |       ||     3
   Fire: Sling             |    15 |       ||    15
  Throw: Boomerang         |       |     2 ||     2
    Use: Scroll            |     4 |       ||     4
 Armour: Ring mail         |    16 |       ||    16
         Leather armour    |     1 |       ||     1
         Chain mail        |    70 |    30 ||   100
  Dodge: Dodged            |    61 |    10 ||    71
